[ AOE2 MATCH · #483376581 ]
UnrankedCelts vs Teutons
[ REPLAY ANALYSIS · EXTRACTED FROM THE RECORDED GAME ]
Feudal
—
Castle
—
Imperial
—
| APM avg | 13.0 |
| APM peak | 17 |
| eAPM avg | 7.4 |
| Villagers / military | 24 / 0 |
Focus
⚔️ 0.0% · 🌾 100.0%
Feudal
—
Castle
—
Imperial
—
| APM avg | 8.5 |
| APM peak | 14 |
| eAPM avg | 5.6 |
| Villagers / military | 8 / 0 |
Focus
⚔️ 10.0% · 🌾 90.0%
Feudal
—
Castle
—
Imperial
—
| APM avg | 13.8 |
| APM peak | 18 |
| eAPM avg | 6.4 |
| Villagers / military | 8 / 0 |
Focus
⚔️ 5.3% · 🌾 94.7%
Feudal
—
Castle
—
Imperial
—
| APM avg | 9.9 |
| APM peak | 27 |
| eAPM avg | 7.8 |
| Villagers / military | 15 / 0 |
Focus
⚔️ 0.0% · 🌾 100.0%
Feudal
—
Castle
—
Imperial
—
| APM avg | 16.7 |
| APM peak | 41 |
| eAPM avg | 11.6 |
| Villagers / military | 17 / 0 |
Focus
⚔️ 2.2% · 🌾 97.8%
Feudal
—
Castle
—
Imperial
—
| APM avg | 13.6 |
| APM peak | 20 |
| eAPM avg | 8.3 |
| Villagers / military | 4 / 0 |
Focus
⚔️ 31.2% · 🌾 68.8%
Feudal
—
Castle
—
Imperial
—
| APM avg | 8.7 |
| APM peak | 15 |
| eAPM avg | 6.0 |
| Villagers / military | 7 / 0 |
Focus
⚔️ 16.7% · 🌾 83.3%
Feudal
—
Castle
—
Imperial
—
| APM avg | 33.2 |
| APM peak | 63 |
| eAPM avg | 14.7 |
| Villagers / military | 9 / 0 |
Focus
⚔️ 6.9% · 🌾 93.1%
Match map
Initial resources + every placement click. Lines = walls · curves = elevation contours. ◆ gold · ⬟ stone · ● berries · ✦ relic · ◌ wall gap
Your base
yomamacry's base
yabin.belrojo's base
trohr10's base
Angelique's base
Dominika's base
queirozsrenato's base
ntukis's base
Smoothed initial terrain · ◌ = detected wall gap · hover for details
Inputs per minute
— GUSTAVO SOSA JR. - - yomamacry
Build order — GUSTAVO SOSA JR.
21 actions detected in the replay
| 0:14 | Create | Villager (Male) ×4 |
| 0:17 | Create | Villager (Male) ×4 |
| 0:47 | Build | House |
| 0:47 | Build | House |
| 1:42 | Build | House |
| 2:50 | Create | Villager (Male) |
| 2:50 | Create | Villager (Male) |
| 2:51 | Create | Villager (Male) |
| 3:33 | Create | Villager (Male) |
| 3:33 | Create | Villager (Male) |
| 3:34 | Create | Villager (Male) |
| 3:57 | Create | Villager (Male) |
| 3:58 | Create | Villager (Male) |
| 4:26 | Create | Villager (Male) |
| 4:26 | Create | Villager (Male) |
| 4:26 | Create | Villager (Male) |
| 4:27 | Create | Villager (Male) |
| 4:36 | Create | Villager (Male) |
| 4:37 | Create | Villager (Male) |
| 4:37 | Create | Villager (Male) |
| 4:37 | Create | Villager (Male) |
Build order — yomamacry
13 actions detected in the replay
| 0:28 | Create | Villager (Male) |
| 0:29 | Create | Villager (Male) |
| 0:30 | Research | Loom |
| 0:31 | Create | Villager (Male) |
| 0:31 | Create | Villager (Male) |
| 0:41 | Build | House |
| 1:08 | Build | House |
| 2:30 | Create | Villager (Male) |
| 2:31 | Create | Villager (Male) |
| 3:06 | Create | Villager (Male) |
| 3:06 | Create | Villager (Male) |
| 4:03 | Build | Palisade Wall |
| 4:32 | Build | Palisade Wall |
Build order — yabin.belrojo
10 actions detected in the replay
| 0:06 | Create | Villager (Male) |
| 0:06 | Create | Villager (Male) |
| 0:07 | Create | Villager (Male) |
| 0:07 | Create | Villager (Male) |
| 0:07 | Create | Villager (Male) |
| 0:10 | Build | House |
| 3:17 | Build | Palisade Wall |
| 3:23 | Create | Villager (Male) |
| 3:24 | Create | Villager (Male) |
| 3:57 | Create | Villager (Male) |
Build order — trohr10
21 actions detected in the replay
| 0:01 | Research | Loom |
| 0:01 | Create | Villager (Male) |
| 0:02 | Create | Villager (Male) |
| 0:02 | Create | Villager (Male) |
| 0:02 | Create | Villager (Male) |
| 0:02 | Create | Villager (Male) |
| 0:03 | Create | Villager (Male) |
| 0:04 | Build | House |
| 0:13 | Build | House |
| 0:19 | Build | House |
| 0:26 | Build | House |
| 1:58 | Create | Villager (Male) |
| 1:58 | Create | Villager (Male) |
| 2:11 | Build | Lumber Camp |
| 2:43 | Create | Villager (Male) |
| 2:43 | Create | Villager (Male) |
| 2:43 | Create | Villager (Male) |
| 3:13 | Create | Villager (Male) |
| 3:13 | Create | Villager (Male) |
| 4:14 | Create | Villager (Male) |
| 4:14 | Create | Villager (Male) |
Build order — Angelique
21 actions detected in the replay
| 0:02 | Create | Villager (Male) |
| 0:02 | Create | Villager (Male) |
| 0:02 | Create | Villager (Male) |
| 0:02 | Create | Villager (Male) |
| 0:02 | Create | Villager (Male) |
| 0:05 | Build | House |
| 0:06 | Build | House |
| 0:06 | Build | House |
| 0:07 | Build | House |
| 1:53 | Create | Villager (Male) |
| 2:25 | Create | Villager (Male) |
| 2:26 | Create | Villager (Male) |
| 2:26 | Create | Villager (Male) |
| 2:52 | Create | Villager (Male) |
| 2:52 | Create | Villager (Male) |
| 2:53 | Create | Villager (Male) |
| 3:31 | Create | Villager (Male) |
| 3:31 | Create | Villager (Male) |
| 3:31 | Create | Villager (Male) |
| 3:59 | Create | Villager (Male) |
| 3:59 | Create | Villager (Male) |
Build order — Dominika
12 actions detected in the replay
| 0:05 | Create | Villager (Male) |
| 0:06 | Create | Villager (Male) |
| 0:09 | Build | House |
| 0:10 | Build | House |
| 0:11 | Build | House |
| 0:19 | Create | Villager (Male) |
| 0:53 | Research | Loom |
| 0:53 | Create | Villager (Male) |
| 1:28 | Build | Palisade Gate |
| 2:54 | Build | Palisade Gate |
| 3:00 | Build | Palisade Wall |
| 3:02 | Build | Palisade Wall |
Build order — queirozsrenato
14 actions detected in the replay
| 0:34 | Build | House |
| 0:36 | Build | House |
| 0:45 | Create | Villager (Male) |
| 0:46 | Research | Loom |
| 0:47 | Create | Villager (Male) |
| 0:47 | Create | Villager (Male) |
| 0:47 | Create | Villager (Male) |
| 0:47 | Create | Villager (Male) |
| 1:37 | Build | Palisade Wall |
| 1:45 | Build | Palisade Gate |
| 3:45 | Build | Palisade Gate |
| 3:53 | Create | Villager (Male) |
| 3:53 | Create | Villager (Male) |
| 4:42 | Build | Mining Camp |
Build order — ntukis
14 actions detected in the replay
| 0:09 | Create | Villager (Male) |
| 0:10 | Research | Loom |
| 0:10 | Create | Villager (Male) |
| 0:11 | Create | Villager (Male) |
| 0:11 | Create | Villager (Male) |
| 0:11 | Create | Villager (Male) |
| 0:11 | Create | Villager (Male) |
| 0:16 | Build | House |
| 0:18 | Build | House |
| 2:06 | Build | Palisade Wall |
| 2:48 | Build | Barracks |
| 3:18 | Create | Villager (Male) |
| 3:18 | Create | Villager (Male) |
| 3:36 | Create | Villager (Male) |
Match timeline
| 1:37 | queirozsrenato · wall_segment Palisade Wall x21 |
| 2:06 | ntukis · wall_segment Palisade Wall x18 |
| 2:48 | ntukis · first_building Barracks |
| 3:00 | Dominika · wall_segment Palisade Wall x6 |
| 3:02 | Dominika · wall_segment Palisade Wall x11 |
| 3:17 | yabin.belrojo · wall_segment Palisade Wall x13 |
| 3:35 | Dominika · resign |
| 4:03 | yomamacry · wall_segment Palisade Wall x5 |
| 4:32 | yomamacry · wall_segment Palisade Wall x5 |
[ AI ANALYSIS · 1 CREDIT ]
What really happened in this match?
Wolo.gg analyzes every decision: build order, eco, micro, common mistakes by bracket. Personalized analysis on WhatsApp or Discord in 30 seconds.
Civ guide
Celts
Perfil
Jugador #6147548